 Dungeon Crawl Stone Soup version 0.28.0 (webtiles) character file.

Game seed: 12113102204268691430

44 Hasart the Shield-Bearer (level 3, -1/30 HPs)
             Began as a Demigod Fighter on Feb 9, 2022.
             Slain by Sigmund (9 damage)
             ... on level 2 of the Dungeon.
             The game lasted 00:02:28 (1368 turns).

Hasart the Shield-Bearer (Demigod Fighter)          Turns: 1368, Time: 00:02:29

Health: -1/30      AC:  7    Str: 17    XL:     3   Next: 23%
Magic:  5/5        EV:  9    Int: 10    God:
Gold:   20         SH:  5    Dex: 17    Spells: 2/2 levels left

rFire   . . .      SeeInvis .   a - +0 flail
rCold   . . .      Faith    .   c - +0 buckler
rNeg    . . .      Spirit   .   b - +0 scale mail
rPois   .          Reflect  .   (no helmet)
rElec   .          Harm     .   (no cloak)
rCorr   .          Rampage  .   g - +0 pair of gloves
Will    .....                   (no boots)
Stlth   ..........              (no amulet)
HPRegen 0.10/turn               (no ring)
MPRegen 0.09/turn               (no ring)

@: mighty
A: high MP 1, forlorn, divine attributes
a: no special abilities


You were on level 2 of the Dungeon.
You visited 1 branch of the dungeon, and saw 2 of its levels.

You collected 20 gold pieces.

Inventory:

Hand Weapons
 a - a +0 flail (weapon)
Missiles
 i - 6 poisoned darts (quivered)
Armour
 b - a +0 scale mail (worn)
 c - a +0 buckler (worn)
 g - a +0 pair of gloves (worn)
Scrolls
 e - a scroll of fog {unknown}
Potions
 f - a potion of flight {unknown}
 h - a potion of mutation {unknown}


   Skills:
 + Level 2.9 Fighting
 * Level 2.5 Maces & Flails
 + Level 0.1 Throwing
 + Level 2.9 Armour
 + Level 0.9 Dodging
 + Level 2.9 Shields


You had 2 spell levels left.
You didn't know any spells.
Your spell library was empty.

Dungeon Overview and Level Annotations

Branches:
Dungeon (2/15)

Annotations:
D:2 Sigmund


Innate Abilities, Weirdness & Mutations

You have an increased reservoir of magic. (+10% MP)
You shall have no god before yourself.
Your divine heritage dramatically boosts your attributes as you level up.


Message History

The ball python bites you but does no damage.
The ball python grabs you. The ball python constricts you.
You closely miss the ball python.
The ball python bites you but does no damage.
The ball python constricts you.
You hit the ball python.
The ball python is severely wounded.
The ball python barely misses you. The ball python constricts you.
You block the ball python's attack. The ball python constricts you.
You hit the ball python.
You kill the ball python!
A kobold, Sigmund and a dart slug come into view.
The kobold is wielding a +2 dagger of venom.
Sigmund is wielding a +3 scythe of flaming.
The kobold shouts!
Sigmund shouts!
Sigmund hits you from afar with a +3 scythe of flaming.
Sigmund burns you.
There are monsters nearby!
There are monsters nearby!
You feel very mighty all of a sudden.
Unknown command.
You block Sigmund's attack.
You bludgeon Sigmund!!
Sigmund is heavily wounded.
Sigmund drinks a potion.
Sigmund is healed!
You sock Sigmund!
Sigmund is severely wounded.
Sigmund hits you with a +3 scythe of flaming!
Sigmund burns you.
You thump Sigmund!
Sigmund is almost dead.
Sigmund hits you with a +3 scythe of flaming.
Sigmund burns you.
* * * LOW HITPOINT WARNING * * *
You closely miss Sigmund.
Sigmund is almost dead.
Sigmund barely misses you.
You barely miss Sigmund.
Sigmund is almost dead.
Sigmund hits you with a +3 scythe of flaming!
You die...

##### #...# #####.#.#
####.....#.#
#....@#..#.# #.
#..###@#..#.##########.
. Kw#.##............
..##.######........ ...
..# #........ ...#
.#######........ ...#
.. #............ ..##
#............
#......#####+


You could see Sigmund, a dart slug and a kobold.

Vanquished Creatures
  An adder (D:2)
  2 dart slugs (D:1)
  2 ball pythons
  2 bats (D:1)
  4 endoplasms (D:1)
  3 giant cockroaches (D:1)
  3 goblins (D:1)
  A hobgoblin (D:1)
  5 kobolds (D:1)
  A quokka (D:1)
  2 frilled lizards (D:1)
  3 rats (D:1)
29 creatures vanquished.

Notes
Turn   | Place    | Note
-------+----------+-------------------------------------------
     0 | D:1      | Hasart the Demigod Fighter began the quest for the Orb.
     0 | D:1      | Reached XP level 1. HP: 18/18 MP: 3/3
   154 | D:1      | Reached XP level 2. HP: 25/25 MP: 4/4
  1057 | D:1      | Reached XP level 3. HP: 25/30 MP: 5/5
  1361 | D:2      | Noticed Sigmund
  1368 | D:2      | Slain by Sigmund

Illustrated notes

Levels and vault maps discovered:
D:1:      nzn_arrival_depleted_hourglass, layout_basic, minmay_pentomino_v4
D:2:      minmay_evil_eye, layout_basic,
          dreamdust_ecumenical_altar_drowned_temple, uniq_terence, uniq_sigmund

Skill      XL: |  1 |
---------------+----+-----
Maces & Flails | 2 |  2.5
Fighting       | |  2.9
Throwing       | |  0.1
Armour         | |  2.9
Dodging        | |  0.9
Shields        | |  2.9

Action                   || total
-------------------------++-------
Melee: Flail             ||   101
  Use: Potion            ||     1
Armor: Scale mail        ||    49
Dodge: Dodged            ||    51
Block: Buckler           ||    25
